 Dungeon Crawl Stone Soup version 0.26.0-10-g1f06aea511 (webtiles) character file.

Game seed: 943724145827852618

564 Amaterasu the Cudgeller (level 7, -10/108 HPs)
             Began as an Ogre Fighter on Jan 30, 2021.
             Mangled by an ice beast (12 damage)
             ... on level 5 of the Dungeon.
             The game lasted 00:06:04 (5461 turns).

Amaterasu the Cudgeller (Ogre Fighter)              Turns: 5461, Time: 00:06:04

Health: -10/108    AC:  4    Str: 23    XL:     7   Next: 32%
Magic:  7/7        EV:  8    Int:  9    God:
Gold:   208        SH:  8    Dex:  8    Spells: 6/6 levels left

rFire    . . .     SeeInvis +   h - +3 whip (holy)
rCold    . . .     Faith    .   c - +0 kite shield
rNeg     . . .     Spirit   .   b - +1 robe
rPois    +         Reflect  .   (helmet restricted)
rElec    .         Harm     .   (no cloak)
rCorr    .         Rampage  .   (gloves unavailable)
Will     .....                  (boots unavailable)
Stlth    ..........             (no amulet)
HPRegen  0.28/turn              g - ring of poison resistance
MPRegen  0.10/turn              e - ring of see invisible

@: berserking, very quick
A: large, unfitting armour, tough skin 1
a: no special abilities


You were on level 5 of the Dungeon.
You visited 1 branch of the dungeon, and saw 6 of its levels.

You collected 208 gold pieces.

Inventory:

Hand Weapons
 a - a +0 flail
 f - a +0 whip of venom
 h - a +3 whip of holy wrath (weapon)
Armour
 b - a +1 robe (worn)
 c - a +0 kite shield (worn)
Jewellery
 e - a ring of see invisible (right hand)
 g - a ring of poison resistance (left hand)
 j - an uncursed ring of protection from cold {unknown}
 p - an uncursed ring of flight {unknown}
Wands
 i - a wand of iceblast (10)
 x - a wand of digging (3)
Scrolls
 m - 3 scrolls of remove curse
 q - 2 scrolls of identify
Potions
 d - 2 potions of might
 k - a potion of magic
 l - a potion of mutation {unknown}
 n - a potion of brilliance {unknown}
 o - a potion of berserk rage
 r - a potion of attraction {unknown}
 s - 2 potions of curing {unknown}
 t - 2 potions of resistance {unknown}
 w - a potion of flight {unknown}
 z - a potion of heal wounds {unknown}


   Skills:
 - Level 5.0 Fighting
 - Level 6.0 Maces & Flails
 * Level 1.5 Armour
 * Level 3.6 Dodging
 - Level 2.6 Shields


You had 6 spell levels left.
You didn't know any spells.
Your spell library contained the following spells:

 Spells                   Type           Power        Failure   Level
 Animate Skeleton         Necr           0%           85%         1
 Apportation              Tloc           0%           85%         1
 Beastly Appendage        Tmut           0%           85%         1
 Corona                   Hex            0%           85%         1
 Summon Small Mammal      Summ           0%           85%         1
 Blink                    Tloc           N/A          94%         2
 Wereblood                Tmut           0%           94%         2
 Gell's Gravitas          Tloc           0%           99%         3
 Lesser Beckoning         Tloc           0%           99%         3
 Spider Form              Tmut/Pois      0%           99%         3
 Teleport Other           Tloc           0%           99%         3
 Ice Form                 Ice/Tmut       0%           100%        4
 Passage of Golubria      Tloc           N/A          100%        4
 Blade Hands              Tmut           0%           100%        5


Dungeon Overview and Level Annotations

Branches:
Dungeon (6/15)
 Temple: D:4-7

Altars:
Hepliaklqana
Vehumet
Xom

Shops:
D:4 ?:


Innate Abilities, Weirdness & Mutations

You are too large for most types of armour.
You have tough skin. (AC +1)


Message History

The ice beast is severely wounded.
You hit the ice beast.
The ice beast is almost dead.
The ice beast hits you but does no damage.
You barely miss the ice beast.
The ice beast is almost dead.
The ice beast hits you. The ice beast freezes you!
* * * LOW HITPOINT WARNING * * *
You hit the ice beast but do no damage.
The ice beast is almost dead.
The ice beast hits you.
* * * LOW HITPOINT WARNING * * *
The ice beast freezes you!
* * * LOW HITPOINT WARNING * * *
It was a potion of berserk rage.
A red film seems to cover your vision as you go berserk!
You feel yourself moving faster!
You feel mighty! The ice beast hits you.
* * * LOW HITPOINT WARNING * * *
The ice beast freezes you!
You die...

....
#..###.##.#.......##.
# #.##.#.#####.##.
#.##.#.# #.##.
..######.##.#.# #.##.
..............# #.##.
.....####.##.###
#.##. ..< #.##.# .##<
.#...####.##.# ##
.....ZY@.$...#
.##..####+##+# #


You could see an ice beast and a bullfrog skeleton.

Vanquished Creatures
  A sky beast (D:6)
  A bullfrog (D:6)
  A scorpion (D:5)
  A howler monkey (D:4)
  2 hounds (D:4)
  An orc wizard (D:3)
  Ijyb (D:4)
  A worker ant (D:6)
  3 adders
  6 gnolls
  An ufetubus (D:6)
  An adder zombie (D:6)
  2 worms
  3 dart slugs
  A leopard gecko (D:4)
  7 orcs
  A ball python (D:1)
  2 giant cockroaches
  6 goblins
  11 hobgoblins
  3 jackals (D:5)
  6 kobolds
  A quokka (D:2)
  6 bats
  5 frilled lizards
  A jackal skeleton (D:6)
  A leopard gecko skeleton (D:4)
  8 rats
84 creatures vanquished.

Notes
Turn   | Place    | Note
-------+----------+-------------------------------------------
     0 | D:1      | Amaterasu the Ogre Fighter began the quest for the Orb.
     0 | D:1      | Reached XP level 1. HP: 24/24 MP: 1/1
    24 | D:1      | Reached skill level 2 in Maces & Flails
    48 | D:1      | Reached XP level 2. HP: 27/32 MP: 2/2
   429 | D:1      | Reached skill level 3 in Maces & Flails
   681 | D:1      | Reached XP level 3. HP: 39/39 MP: 3/3
  2218 | D:3      | Reached skill level 4 in Maces & Flails
  2218 | D:3      | Reached XP level 4. HP: 18/48 MP: 4/4
  2696 | D:3      | Found a radiant altar of Vehumet.
  2815 | D:3      | You fall into a shaft and drop 3 floors!
  2837 | D:6      | Found a hazy altar of Hepliaklqana.
  2867 | D:6      | Reached XP level 5. HP: 31/54 MP: 5/5
  3349 | D:6      | Noticed a sky beast
  3372 | D:6      | Killed a sky beast
  3373 | D:6      | Reached skill level 5 in Maces & Flails
  3373 | D:6      | Reached XP level 6. HP: 27/62 MP: 6/6
  3683 | D:5      | Entered Level 5 of the Dungeon
  3949 | D:3      | Reached skill level 6 in Maces & Flails
  4251 | D:3      | Reached XP level 7. HP: 35/71 MP: 7/7
  4764 | D:4      | Reached skill level 1 in Armour
  4800 | D:4      | Noticed Ijyb
  4818 | D:4      | Killed Ijyb
  4957 | D:4      | Reached skill level 5 in Fighting
  5005 | D:4      | Found Gorufis's Magic Scroll Boutique.
  5036 | D:4      | Found a shimmering altar of Xom.
  5189 | D:4      | Found Dodoxim's Book Shop.
  5460 | D:5      | HP: 2/72 [ice beast (8)]
  5461 | D:5      | Mangled by an ice beast

Illustrated notes

Levels and vault maps discovered:
D:1:      shiori_arrival_oz, layout_basic
D:2:      layout_loops_ring
D:3:      layout_basic, general_overflow_altar, chequers_serial_rivers_large_b
D:4:      layout_basic, brannock_xom_greatest_gift, serial_shops,
          kennysheep_mini, kennysheep_little_box, uniq_ijyb
D:5:      layout_basic, minmay_temple_entry_trees
D:6:      layout_rooms, lemuel_coloured_pillars_altar, supply_closet_lemuel

Skill      XL: |  1  2  3  4  5  6  7 |
---------------+----------------------+-----
Maces & Flails | 2 3 4 5 6 |  6.0
Dodging        | 3 |  3.6
Armour         | 1 |  1.5
Fighting       | 5 |  5.0
Shields        | |  2.6

Action                   |  1- 3 |  4- 6 |  7- 9 || total
-------------------------+-------+-------+-------++-------
Melee: Flail             |    73 |       |       ||    73
       Whip              |    65 |   113 |   100 ||   278
  Use: Scroll            |     6 |       |     5 ||    11
       Potion            |       |       |     1 ||     1
Armor: Robe              |    28 |    12 |    13 ||    53
Dodge: Dodged            |    44 |    36 |    16 ||    96
Block: Kite shield       |    56 |    32 |    36 ||   124
